 Dungeon Crawl Stone Soup version 0.32-a0-22-g6ae6769602 (webtiles) character file.

Game seed: 23863822716218718

8677 Sobieck the Grappler (level 11, -1/98 HPs)
             Began as a Troll Shapeshifter on Jan 18, 2024.
             Was a Priest of Hepliaklqana.
             Slain by a vampire mosquito (4 damage)
             ... on level 12 of the Dungeon.
             The game lasted 00:19:25 (8892 turns).

Sobieck the Grappler (Troll Shapeshifter)           Turns: 8892, Time: 00:19:26

Health: -1/98      AC:  3    Str: 34    XL:     11   Next: 13%
Magic:  14/14      EV: 16    Int:  6    God:    Hepliaklqana [***...]
Gold:   643        SH:  0    Dex: 15    Spells: 10/10 levels left

rFire   . .          .
                       - Unarmed
rCold   . . .        (shield currently unavailable)
rNeg    . . .        C - melded +0 animal skin
rPois   .            (helmet restricted)
rElec   .            B - +0 cloak {Will+}
rCorr   .            (gloves unavailable)
SInv    .            (boots unavailable)
Will    +....        n - amulet of the acrobat
Stlth   +            G - +6 ring of strength
HPRegen 1.16/turn    t - +6 ring of dexterity
MPRegen 0.14/turn

%: acrobat
@: flux-form, glowing
A: glow, contaminating, reduced essence, large, unfitting armour, claws 3,
regeneration 1, shaggy fur 1, tough skin 1
a: Begin Untransformation, Renounce Religion, Recall Ancestor, Ancestor
Identity, Transference


You were on level 12 of the Dungeon.
You worshipped Hepliaklqana.
Hepliaklqana was most pleased with you.
You were something dangerously unstable.
You visited 2 branches of the dungeon, and saw 13 of its levels.
You also visited: Sewer and Bailey.

You collected 643 gold pieces.

Inventory:

Missiles
 v - 2 javelins (quivered)
 F - a curare-tipped dart
 Z - 2 throwing nets
Armour
 h - a scarf of repulsion
 B - a +0 cloak of willpower (worn)
 C - a +0 animal skin (melded)
Jewellery
 c - a ring of protection from cold
 n - an amulet of the acrobat (around neck)
 q - a ring of magical power
 s - a ring of see invisible
 t - a +6 ring of dexterity (right claw)
 w - a +5 ring of evasion
 G - a +6 ring of strength (left claw)
 K - a ring of flight
 O - a +5 ring of evasion
 P - a +4 ring of protection
Talismans
 d - a flux talisman (active)
 g - a blade talisman
 x - a beast talisman
Wands
 a - a wand of acid (9)
 p - a wand of roots (18)
 D - a wand of digging (6)
 E - a wand of charming (4)
 I - a wand of mindburst (13)
Scrolls
 e - a scroll of fear
 f - 4 scrolls of butterflies
 j - 2 scrolls of enchant weapon {unknown}
 k - 3 scrolls of poison
 l - 4 scrolls of noise
 r - 4 scrolls of revelation {unknown}
 y - a scroll of immolation
 z - 5 scrolls of enchant armour {unknown}
 A - a scroll of vulnerability
 N - 2 scrolls of silence {unknown}
Potions
 b - 7 potions of lignification
 i - 3 potions of enlightenment
 m - a potion of mutation
 o - a potion of attraction
 u - 3 potions of might
 H - 2 potions of haste
 J - 2 potions of heal wounds
 L - 2 potions of brilliance
 M - a potion of magic
 Q - 2 potions of curing


   Skills:
 + Level 7.2 Fighting
 + Level 6.1 Dodging
 - Level 10.0 Unarmed Combat
 - Level 6.0 Invocations
 - Level 7.0 Shapeshifting


You had 10 spell levels left.
You didn't know any spells.
Your spell library contained the following spells:

 Spells                   Type           Power      Damage    Failure   Level
 Cigotuvi's Dreadful Rot  Necr/Alch/Air  0%         N/A       58%         2
 Frozen Ramparts          Ice            0%         1d1       83%         3
 Tukima's Dance           Hex            0%         N/A       83%         3
 Dispel Undead            Necr           0%         3d6       99%         4
 Leda's Liquefaction      Alch/Erth      0%         N/A       99%         4
 Martyr's Knell           Necr/Summ      0%         N/A       99%         4
 Passage of Golubria      Tloc           0%         N/A       99%         4
 Petrify                  Alch/Erth      0%         N/A       99%         4
 Metabolic Englaciation   Hex/Ice        0%         N/A       100%        5
 Yara's Violent Unravell  Hex/Alch       0%         3d3       100%        5
 Death Channel            Necr           0%         N/A       100%        6


Dungeon Overview and Level Annotations

Branches:
Dungeon (13/15)            Temple (1/1) D:6             Orc (0/2) D:9
  Sewer (visited)          Bailey (visited)
   Lair: D:8-11      Vaults: D:13-14

Altars:
Ashenzari
Cheibriados
Dithmenos
Elyvilon
Fedhas
Gozag
Hepliaklqana
Kikubaaqudgha
Makhleb
Nemelex Xobeh
Okawaru
Qazlal
Ru
Sif Muna
Trog
Uskayaw
Vehumet
Wu Jian
Xom
Yredelemnul
Zin
The Shining One

Shops:
D:2 [   D:4 (

Annotations:
D:7 2 transporters, DaftaChap's ghost, novice TrSh
D:10 3 runed translucent doors, Pokonic1's ghost, novice DsFE


Innate Abilities, Weirdness & Mutations

You are something dangerously unstable.
You glow with magical radiation, making you easy to see and hit.
Foes you strike become dangerously contaminated with magical radiation.
You are incapable of wielding weapons or throwing items.
Your life essence is reduced to manifest your ancestor. (-10% HP)
You are too large for most types of armour.
You have claws for hands.
Your natural rate of healing is unusually fast.
You are covered in fur. (AC +1)
You have tough skin. (AC +1)


Message History

The manticore completely misses you. The vampire mosquito barely misses you.
There is a stone staircase leading up here.
The vampire mosquito bites you.
The vampire mosquito draws strength from your injuries!
The vampire mosquito barely misses you. The manticore closely misses you. x2
The manticore claws you. The vampire mosquito barely misses you.
The vampire mosquito bites you!
The vampire mosquito draws strength from your injuries!
You climb upwards.
There is a stone staircase leading down here.
Unknown command.
Unknown command.
You claw the vampire mosquito!
The vampire mosquito begins to glow.
The vampire mosquito is heavily damaged.
The vampire mosquito completely misses you.
The vampire mosquito bites you.
The vampire mosquito draws strength from your injuries!
The manticore misses you. The manticore claws you! x2
You are too injured to fight recklessly!
You are too injured to fight recklessly!
You are too injured to fight recklessly!
You claw the vampire mosquito!
You destroy the vampire mosquito!
The vampire mosquito bites you.
The vampire mosquito draws strength from your injuries!
The vampire mosquito closely misses you.
The manticore bites you!! The manticore claws you.
The manticore completely misses you.
Unknown command.
You claw the manticore!
The manticore begins to glow.
The manticore is moderately wounded.
The vampire mosquito misses you. The vampire mosquito bites you!
* * * LOW HITPOINT WARNING * * *
The vampire mosquito draws strength from your injuries!
The manticore closely misses you. The manticore claws you!
* * * LOW HITPOINT WARNING * * *
The manticore claws you!
* * * LOW HITPOINT WARNING * * *
You scratch the manticore.
The manticore glows dangerously bright.
The manticore is moderately wounded.
The vampire mosquito barely misses you.
You claw the manticore!
The manticore shudders as magic cascades through it!!
You kill the manticore!
The vampire mosquito bites you.
* * * LOW HITPOINT WARNING * * *
The vampire mosquito draws strength from your injuries!
The vampire mosquito bites you.
You die...

###....#
.......
......
#.... #
#...##.#
#......#
#††....#
#p.....#
#y.....#
.......#
........#
####.....#
.....#
.....#
.....#


You could see a vampire mosquito.

Vanquished Creatures
  Erica (D:8)
  2 manticores
  Maurice (D:7)
  A gargoyle (Bailey)
  Psyche (D:9)
  A shadow (D:9)
  2 wraiths
  A vampire (Bailey)
  4 yaks (D:9)
  A wyvern (D:9)
  2 vampire mosquitoes
  An ice beast (D:8)
  A black bear (D:7)
  3 orc warriors
  A sky beast (D:6)
  An ogre (D:6)
  4 centaurs
  A phantom (D:6)
  A brain worm (Sewer)
  7 bullfrogs
  2 gnoll sergeants
  A scorpion (D:5)
  4 wights (D:10)
  A jelly (D:6)
  8 killer bees (D:10)
  7 vampire bats (Bailey)
  3 howler monkeys
  4 wolf zombies (Bailey)
  3 hounds
  4 orc priests
  2 bombardier beetles
  An iguana (D:5)
  6 orc wizards
  19 gnolls
  9 adders
  3 river rats
  A white imp (D:6)
  2 ufetubi (D:5)
  6 dart slugs
  2 ribbon worms
  24 orcs
  8 ball pythons
  6 endoplasms
  4 giant cockroaches
  5 goblins
  7 hobgoblins
  8 jackals
  8 kobolds
  7 quokkas
  13 bats
  4 frilled lizards
  19 orc zombies (Bailey)
  9 rats
247 creatures vanquished.

Vanquished Creatures (collateral kills)
  Maggie (D:9)
  A hornet (D:8)
  A yak (D:9)
  A steam dragon (D:7)
  2 vampire mosquitoes (D:10)
  A centaur (D:9)
  A kobold brigand (D:9)
  A killer bee (D:10)
  2 vampire bats (Bailey)
  2 wolf zombies (Bailey)
  2 orc priests
  2 orc zombies (Bailey)
  2 orcs (D:9)
  4 goblins (D:9)
  4 kobolds (D:9)
27 creatures vanquished.

Vanquished Creatures (others)
  A hexer (D:13)
1 creature vanquished.

Grand Total: 275 creatures vanquished

Notes
Turn   | Place    | Note
-------+----------+-------------------------------------------
     0 | D:1      | Sobieck the Troll Shapeshifter began the quest for the Orb.
     0 | D:1      | Reached XP level 1. HP: 18/18 MP: 0/0
    77 | D:1      | Reached skill level 1 in Fighting
   155 | D:1      | Reached XP level 2. HP: 27/27 MP: 1/1
   482 | D:1      | Reached XP level 3. HP: 33/33 MP: 2/2
   999 | D:2      | Found Nuaskigg's Armour Shop.
  1844 | D:3      | Reached XP level 4. HP: 37/42 MP: 3/3
  2077 | D:3      | Reached skill level 4 in Unarmed Combat
  2596 | D:4      | Reached XP level 5. HP: 47/50 MP: 4/4
  2685 | D:4      | Found an opulent altar of Gozag.
  2866 | D:4      | Found a glowing drain.
  2871 | Sewer    | Entered a sewer
  2931 | Sewer    | Reached XP level 6. HP: 56/59 MP: 5/5
  2985 | Sewer    | Reached skill level 3 in Fighting
  3602 | D:4      | Found a glowing silver altar of Zin.
  3607 | D:4      | Found a broken altar of Ashenzari.
  3717 | D:4      | Found a shadowy altar of Dithmenos.
  3719 | D:4      | Found a basalt altar of Yredelemnul.
  3719 | D:4      | Found a radiant altar of Vehumet.
  3719 | D:4      | Found a hide-covered altar of Uskayaw.
  3719 | D:4      | Found a shimmering blue altar of Sif Muna.
  3766 | D:4      | Reached skill level 5 in Unarmed Combat
  3845 | D:4      | Found a white marble altar of Elyvilon.
  3910 | D:4      | Found Wantior's Antique Weapon Boutique.
  4147 | D:5      | Entered Level 5 of the Dungeon
  4342 | D:5      | Reached XP level 7. HP: 64/67 MP: 6/6
  4584 | D:5      | Found a burning altar of Makhleb.
  4769 | D:6      | Reached skill level 6 in Unarmed Combat
  4906 | D:6      | Found a staircase to the Ecumenical Temple.
  4963 | Temple   | Entered the Ecumenical Temple
  4974 | Temple   | Became a worshipper of Hepliaklqana the Forgotten
  5073 | D:6      | Reached XP level 8. HP: 33/78 MP: 7/7
  5150 | D:6      | Reached skill level 6 in Shapeshifting
  5429 | D:6      | Reached skill level 7 in Unarmed Combat
  5803 | D:7      | Reached * piety under Hepliaklqana
  5868 | D:7      | Found a transporter.
  5872 | D:7      | Noticed DaftaChap's ghost (novice TrSh)
  5873 | D:7      | Noticed a moth of wrath
  5952 | D:7      | Reached skill level 8 in Unarmed Combat
  6000 | D:7      | Reached skill level 1 in Invocations
  6049 | D:7      | Noticed Maurice
  6060 | D:7      | Killed Maurice
  6061 | D:7      | Reached XP level 9. HP: 60/76 MP: 4/9
  6146 | D:7      | Found a transporter.
  6501 | D:8      | Noticed Erica
  6508 | D:8      | Killed Erica
  6509 | D:8      | Reached skill level 3 in Dodging
  6553 | D:8      | Paralysed by a hornet for 1 turns
  6554 | D:8      | Reached skill level 3 in Invocations
  6625 | D:8      | Found a sacrificial altar of Ru.
  6634 | D:8      | Reached skill level 9 in Unarmed Combat
  6774 | D:8      | Reached ** piety under Hepliaklqana
  6775 | D:8      | Remembered your ancestor benadryl as a hexer
  7147 | D:9      | Noticed Psyche
  7153 | D:9      | Killed Psyche
  7174 | D:9      | Found a flagged portal.
  7188 | D:9      | Reached XP level 10. HP: 44/86 MP: 11/11
  7231 | Bailey   | Entered a bailey
  7422 | Bailey   | Noticed a gargoyle
  7427 | Bailey   | Killed a gargoyle
  7471 | Bailey   | Reached skill level 6 in Fighting
  7472 | Bailey   | Identified the +0 buckler "Cipsupiq" {Dex+3}
  7919 | D:9      | Found a staircase to the Orcish Mines.
  7926 | D:9      | Noticed Maggie
  7936 | D:9      | Killed Maggie
  8058 | D:9      | Found an iron altar of Okawaru.
  8074 | D:9      | Reached skill level 10 in Unarmed Combat
  8150 | D:10     | Entered Level 10 of the Dungeon
  8183 | D:10     | Found a runed translucent gate.
  8184 | D:10     | Found a runed translucent gate.
  8184 | D:10     | Found a runed translucent gate.
  8190 | D:10     | Noticed Pokonic1's ghost (novice DsFE)
  8214 | D:10     | Reached *** piety under Hepliaklqana
  8565 | D:10     | Found Yckonach's Changing Room.
  8726 | D:10     | Reached XP level 11. HP: 96/96 MP: 14/14
  8773 | D:10     | Reached skill level 6 in Invocations
  8788 | D:10     | You fall into a shaft and drop 3 floors!
  8812 | D:13     | Reached skill level 6 in Dodging
  8839 | D:13     | Noticed a skeletal warrior
  8839 | D:13     | Noticed a skeletal warrior
  8839 | D:13     | Noticed a skeletal warrior
  8867 | D:13     | Noticed an eight-headed hydra
  8892 | D:12     | HP: 3/98 [vampire mosquito (5)]
  8892 | D:12     | Slain by a vampire mosquito

Illustrated notes

Levels and vault maps discovered:
D:1:      dpeg_arrival_ratfight, layout_loops_corners
D:2:      layout_basic, serial_shops, shop, dk_noncrumbling_4,
          minmay_tree_intersection, minivault_23
D:3:      wad_crossroads, layout_basic
D:4:      layout_basic, lemuel_round_altar, mainiacjoe_overflow_six_doors_small,
          nicolae_overflow_crystal_walls, minitemple, gup_sewer_entry_bowl,
          serial_shops, nicolae_shop_behind_doors
D:5:      layout_rooms, makhleb_altar_promises_db, due_unseen_surprise
D:6:      layout_gridville, minmay_temple_entry_enclosed_plants,
          kennysheep_generic_room_10
D:7:      layout_loops_ring, gammafunk_ghost_berserking_beasts,
          minmay_misc_feat_enclosed, uniq_maurice
D:8:      layout_gridville, lemuel_crystal_altar, uniq_erica
D:9:      layout_gridville, minmay_orc_entry_temple_small, enter_bailey_5,
          kennysheep_small_circle, uniq_maggie, uniq_psyche
D:10:     layout_irregular_city, gammafunk_ghost_spectres,
          nicolae_transmutations_shop, kennysheep_another_room,
          kennysheep_diamond, dk_noncrumbling_2
D:12:     layout_stronghold, serial_shops, nicolae_shop_behind_doors
D:13:     layout_cave_pools, hangedman_vaults_entry_quadrant_bands,
          nicolae_wu_jian_wuxing_cycle
Temple:   nicolae_temple_bog_church

Skill      XL: |  1  2  3  4  5  6  7  8  9 10 11 |
---------------+----------------------------------+-----
Fighting       | 1 2 3 4 5 6 7 |  7.2
Unarmed Combat | 4 5 6 8 9 10 | 10.0
Shapeshifting  | 4 5 7 |  7.0
Dodging        | 2 4 5 6 |  6.1
Invocations    | 1 3 5 6 |  6.0

Action                     |  1- 3 |  4- 6 |  7- 9 | 10-12 || total
---------------------------+-------+-------+-------+-------++-------
  Melee: Unarmed           |   119 |   195 |   171 |   260 ||   745
         Punch             |     1 |     2 |     4 |       ||     7
 Invoke: Ancestor Life: He |       |       |     1 |       ||     1
         Recall Ancestor   |       |       |       |     3 ||     3
         Ancestor Identity |       |       |       |     1 ||     1
    Use: Scroll            |       |    11 |       |     7 ||    18
   Stab: Sleeping          |     1 |     3 |       |       ||     4
         Confused          |       |       |       |     8 ||     8
         Distracted        |       |       |       |     3 ||     3
 Armour: Animal skin       |    79 |   116 |    65 |       ||   260
         Skin              |       |       |    37 |   112 ||   149
  Dodge: Dodged            |    55 |    99 |   112 |   241 ||   507
   Form: Beast             |     2 |       |     1 |       ||     3
         Flux              |     1 |       |     2 |       ||     3
                           |     1 |       |       |       ||     1
         Blade             |       |       |     1 |       ||     1

Table legend: (Time is in decaauts)
 A = Elapsed time spent in this place.
 B = Non-inter-level travel time spent in this place.
 C = Inter-level travel time spent in this place.
 D = Time resting spent in this place.
 E = Time spent auto-exploring this place.
 F = Levels seen in this place.
 G = Mean time per level.
                   A        B        C        D        E       F      G
               +--------+--------+--------+--------+--------+-----+--------+
         Total |   8818 |   8521 |    297 |    484 |   6180 |  15 |  587.9 |
       Dungeon |   7884 |   7599 |    285 |    436 |   5736 |  12 |  657.0 |
        Temple |     22 |     11 |     11 |      0 |      0 |   1 |   22.0 |
         Sewer |    559 |    559 |      0 |      0 |    328 |   1 |  559.0 |
        Bailey |    351 |    351 |      0 |     48 |    116 |   1 |  351.0 |
               +--------+--------+--------+--------+--------+-----+--------+

Top non-repeatable levels by time:
     D:4: 1000 daAuts
     D:6: 990 daAuts
     D:1: 935 daAuts
     D:2: 863 daAuts
     D:7: 788 daAuts
     D:3: 765 daAuts
     D:9: 666 daAuts
     D:8: 622 daAuts
    D:10: 622 daAuts
   Sewer: 559 daAuts
     D:5: 528 daAuts
  Bailey: 351 daAuts
    D:13: 96 daAuts
  Temple: 22 daAuts
    D:12: 4 daAuts
